 Dungeon Crawl Stone Soup version 0.30-a0-1164-ge08a67761e (webtiles) character file.

Game seed: 3167935298874827923

74144 graymark the Nimble (level 15, -8/144 HPs)
             Began as a Naga Fighter on Apr 29, 2023.
             Was a High Priest of Okawaru.
             Mangled by a +1 glaive of flaming (27 damage)
             ... on level 2 of the Elven Halls.
             The game lasted 02:28:39 (24300 turns).

graymark the Nimble (Naga Fighter)                 Turns: 24300, Time: 02:28:40

Health: -8/144     AC: 28    Str: 23    XL:     15   Next: 45%
Magic:  21/21      EV: 12    Int: 14    God:    Okawaru [*****.]
Gold:   848        SH: 16    Dex: 17    Spells: 14/14 levels left

rFire   + . .        I - +6 war axe (freeze)
rCold   . . .        h - +0 kite shield
rNeg    . . .        G - +1 ring mail {rF+}
rPois   +            (no helmet)
rElec   .            t - +3 cloak of the Thirteen Curses {+Inv Will+ Dex+2}
rCorr   +            z - +1 pair of gloves of Ru's Esteem {Contam Int+5 Dex+2}
SInv    +            j - +4 barding {Fly}
Will    +++..        c - amulet of reflection
Stlth   +            i - ring of resist corrosion
HPRegen 0.44/turn    P - ring of willpower
MPRegen 0.17/turn

%: reflection
@: flying, very slow
A: AC +5, large, see invisible, deformed body, poison resistance, slowness 2,
spit poison 1, naga tail 2
a: Spit Poison, Renounce Religion, Evoke Invisibility, Heroism, Finesse, Duel


You were on level 2 of the Elven Halls.
You worshipped Okawaru.
Okawaru was extremely pleased with you.
You visited 5 branches of the dungeon, and saw 20 of its levels.
You also visited: Ossuary.

You collected 2274 gold pieces.
You spent 1426 gold pieces at shops.

Inventory:

Hand Weapons
 a - a +2 war axe of draining
 I - a +6 war axe of freezing (weapon)
 L - a +4 mace
 N - a +3 morningstar
Missiles
 v - 2 silver boomerangs (quivered)
 O - 2 throwing nets
Armour
 b - a +2 scale mail
 h - a +0 kite shield (worn)
 j - a +4 barding of flying (worn)
 m - a +3 chain mail of fire resistance
 r - a +1 pair of gloves
 t - the +3 cloak of the Thirteen Curses (worn) {+Inv Will+ Dex+2}
   (You found it on level 5 of the Lair of Beasts)

   Dex:       It affects your dexterity (+2).
   +Inv:      It lets you turn invisible.
   Will:      It increases your willpower.
 z - the +1 pair of gloves of Ru's Esteem (worn) {Contam Int+5 Dex+2}
   (You bought it in a shop on level 2 of the Orcish Mines)

   Int:       It affects your intelligence (+5).
   Dex:       It affects your dexterity (+2).
   Contam:    It causes magical contamination when unequipped.
 G - a +1 ring mail of fire resistance (worn)
 J - +0 steam dragon scales
 Q - a +1 plate armour of fire resistance
 T - +0 swamp dragon scales
 W - the +3 buckler "Nioj" {Fly}
   (Okawaru gifted it to you on level 3 of the Lair of Beasts)

   Fly:       It grants you flight.
Jewellery
 c - an amulet of reflection (around neck)
 i - a ring of resist corrosion (left hand)
 p - a ring of ice
 w - an amulet of the acrobat
 P - a ring of willpower (right hand)
Wands
 u - a wand of paralysis (13)
 x - a wand of flame (11)
 K - a wand of polymorph (6)
 V - a wand of roots (14)
 Z - a wand of quicksilver (4)
Scrolls
 f - 3 scrolls of vulnerability
 n - 9 scrolls of teleportation
 s - 2 scrolls of fear
 y - 6 scrolls of identify
 D - a scroll of fog
 E - a scroll of silence
 U - 3 scrolls of poison
Potions
 d - 4 potions of might
 e - 9 potions of curing
 g - 3 potions of heal wounds
 o - 2 potions of mutation
 q - a potion of ambrosia
 A - 5 potions of brilliance
 B - 4 potions of haste
 C - 2 potions of cancellation
 F - 2 potions of attraction
 H - 2 potions of lignification
 M - 4 potions of flight
 R - a potion of invisibility
 S - a potion of berserk rage
 Y - a potion of resistance
Miscellaneous
 l - a piece from Xom's chessboard (15/15)


   Skills:
 + Level 11.7 Fighting
 + Level 11.6 Axes
 + Level 11.6 Armour
 + Level 11.9 Dodging
 - Level 8.0 Shields
 + Level 8.3 Invocations


You had 14 spell levels left.
You didn't know any spells.
Your spell library contained the following spells:

 Spells                   Type           Power      Damage    Failure   Level
 Freeze                   Ice            0%         1d3       61%         1
 Sting                    Tmut/Pois      0%         1d3       61%         1
 Cigotuvi's Dreadful Rot  Necr/Pois/Air  0%         N/A       75%         2
 Ensorcelled Hibernation  Hex/Ice        0%         N/A       75%         2
 Passwall                 Tmut/Erth      0%         N/A       75%         2
 Poisonous Vapours        Pois/Air       0%         N/A       75%         2
 Dazzling Flash           Conj/Hex       0%         N/A       93%         3
 Frozen Ramparts          Ice            0%         1d1       93%         3
 Hailstorm                Conj/Ice       0%         3d3       93%         3
 Ignite Poison            Fire/Tmut/Pois 0%         N/A       93%         3
 Swiftness                Air            0%         N/A       93%         3
 Volatile Blastmotes      Fire/Tloc      0%         2d10      93%         3
 Iskenderun's Mystic Bla  Conj/Tloc      0%         2d3       100%        4
 Olgreb's Toxic Radiance  Pois           0%         N/A       100%        4
 Passage of Golubria      Tloc           0%         N/A       100%        4
 Freezing Cloud           Conj/Ice/Air   0%         6-21      100%        5
 Silence                  Hex/Air        0%         N/A       100%        5
 Conjure Ball Lightning   Conj/Air       0%         3x3d6     100%        6
 Starburst                Conj/Fire      0%         6d3       100%        6
 Discord                  Hex            0%         N/A       100%        8
 Disjunction              Tloc           0%         N/A       100%        8
 Lehudib's Crystal Spear  Conj/Erth      0%         10d2      100%        8


Dungeon Overview and Level Annotations

Branches:
Dungeon (10/15)            Temple (0/1) D:7            Lair (5/5) D:10
  Swamp (1/4) Lair:3       Spider (0/4) Lair:3        Slime (0/5) Lair:4
    Orc (2/2) D:9             Elf (1/3) Orc:2       Ossuary (visited)

Altars:
Dithmenos
Fedhas
Gozag
Hepliaklqana
Kikubaaqudgha
Makhleb
Nemelex Xobeh
Okawaru
Sif Muna
Uskayaw
Vehumet
Xom
Yredelemnul
The Shining One

Shops:
Orc:2 *[!!   Elf:1 *

Annotations:
D:4 1 runed translucent door, exclusion: downstairs, zurenarrh's ghost, amateur HOFi
D:5 exclusion: downstairs
D:6 exclusion: downstairs
D:8 exclusion: 2 downstairs
Lair:1 exclusion: downstairs
Lair:4 exclusion: 3 oklob plants


Innate Abilities, Weirdness & Mutations

Your serpentine skin is tough. (AC +5)
You have supernaturally acute eyesight. (SInv)
Armour fits poorly on your strangely shaped body.
Your system is resistant to poisons. (rPois)
You cover ground very slowly.
You can spit poison.
You can use your snake-like lower body to constrict enemies.


Message History

Okay, then.
You start resting.
A +1 glaive of flaming is nearby!
The +1 glaive of flaming hits you from afar!
* * * LOW HITPOINT WARNING * * *
The +1 glaive of flaming burns you.
* * * LOW HITPOINT WARNING * * *
The +1 glaive of flaming barely misses you.
The +1 glaive of flaming completely misses you.
You miss the +1 glaive of flaming. You grab the +1 glaive of flaming.
You constrict the +1 glaive of flaming, but do no damage.
The +1 glaive of flaming hits you!
* * * LOW HITPOINT WARNING * * *
The +1 glaive of flaming hits you but does no damage.
You feel better.
You constrict the +1 glaive of flaming, but do no damage.
You block the +1 glaive of flaming's attack.
You hit the +1 glaive of flaming but do no damage.
You hear the faint crackling of a distant melting archway.
You constrict the +1 glaive of flaming, but do no damage.
You block the +1 glaive of flaming's attack.
You slash the +1 glaive of flaming!
The +1 glaive of flaming is moderately damaged.
You constrict the +1 glaive of flaming.
You block the +1 glaive of flaming's attack.
You slash the +1 glaive of flaming!
The +1 glaive of flaming is severely damaged.
You constrict the +1 glaive of flaming, but do no damage.
The +1 glaive of flaming barely misses you.
You hit the +1 glaive of flaming.
The +1 glaive of flaming is severely damaged.
You constrict the +1 glaive of flaming.
You block the +1 glaive of flaming's attack.
The +1 glaive of flaming hits you!
* * * LOW HITPOINT WARNING * * *
The +1 glaive of flaming burns you.
* * * LOW HITPOINT WARNING * * *
You feel better.
You constrict the +1 glaive of flaming. The +1 glaive of flaming hits you!!
You die...

#..............
#.....#.e..........
#....###..........
#.... (......e..
#...# #........##
#...## #.........##
#....###.....e.....#
#..(..#........e....
##.@.......e..).....
#.....##...##...##.
###..### ##.## ####
###


You could see a +1 glaive of flaming.

Vanquished Creatures
  3 sphinxes (Elf:1)
  An orc warlord (Orc:1)
  The ghost of Ifehamp the Grappler, a journeyman TrFi of Wu Jian (Lair:2)
  The ghost of funkygono the Severer, a journeyman MiFi of Okawaru (Lair:5)
  2 bunyips
  2 fire dragons (Elf:1)
  3 hydras
  2 alligators (Swamp:1)
  A dancing weapon (Elf:1)
  A two-headed ogre (D:9)
  A boulder beetle (D:8)
  3 orc high priests (Orc:2)
  A deep elf knight (Elf:1)
  A skyshark (Lair:5)
  Nergalle (Lair:2)
  Amaemon (Lair:2)
  A spriggan druid (Lair:3)
  A spectral hydra (Lair:5)
  A swamp dragon (Lair:3)
  2 deep elf archers
  A lindwurm (Lair:2)
  Pikel (D:4)
  2 bog bodies (Lair:3)
  A harpy (Elf:1)
  6 deep elf zephyrmancers
  7 orc knights
  9 deep elf pyromancers (Elf:1)
  6 orc sorcerers
  A wolf spider (Lair:3)
  A cyclops (D:10)
  4 manticores (Elf:1)
  An orange demon (Lair:2)
  2 black mambas (Lair:2)
  10 cane toads
  3 komodo dragons
  3 rime drakes
  5 polar bears
  3 trolls
  A tyrant leech (Lair:3)
  5 hornets
  2 dream sheep (Lair:5)
  19 blink frogs
  A spectral black mamba (Lair:5)
  Sigmund (D:2)
  16 spriggans
  A water elemental (Elf:1)
  3 wyverns
  A shadow (D:9)
  2 wraiths
  3 steam dragons
  51 yaks
  A basilisk (Lair:2)
  3 redbacks (Lair:3)
  A two-headed ogre zombie (D:9)
  3 swamp worms (Lair:3)
  2 wargs
  5 hell hounds (Elf:1)
  An acid dragon (D:10)
  7 water moccasins
  6 black bears
  2 sky beasts
  32 orc warriors
  2 boggarts (Lair:5)
  6 ogres
  34 wolves
  5 phantoms
  A kobold brigand (D:9)
  An earth elemental (Elf:1)
  2 gnoll sergeants (D:10)
  9 bullfrogs
  A scorpion (D:10)
  20 wights
  2 troll zombies (D:9)
  14 killer bees
  2 howler monkeys
  3 electric eels
  2 komodo dragon simulacra (Lair:5)
  4 jellies
  10 hounds
  14 orc priests
  3 sleepcaps
  5 iguanas
  7 hell rats
  26 orc wizards
  5 ogre zombies (D:9)
  3 mummies (Ossuary)
  11 adders
  12 gnolls
  2 white imps
  2 ufetubi
  2 adder zombies (Ossuary)
  2 dart slugs
  89 orcs
  5 ball pythons
  7 endoplasms
  6 giant cockroaches
  10 goblins
  4 hobgoblins
  3 quokkas
  3 bats (D:2)
  5 frilled lizards
  A goblin skeleton (D:9)
  4 goblin zombies
  7 hobgoblin zombies
  10 kobolds
  A kobold zombie (Ossuary)
  4 orc skeletons (D:9)
  17 orc zombies
  A quokka zombie (Ossuary)
  3 rats
  4 rat zombies (Ossuary)
661 creatures vanquished.

Vanquished Creatures (others)
  2 orc priests (Orc:2)
  An orc wizard (Orc:2)
  A goblin zombie (D:9)
  82 fungi
  105 plants
191 creatures vanquished.

Grand Total: 852 creatures vanquished

Notes
Turn   | Place    | Note
-------+----------+-------------------------------------------
     0 | D:1      | graymark the Naga Fighter began the quest for the Orb.
     0 | D:1      | Reached XP level 1. HP: 21/21 MP: 1/1
   201 | D:1      | Reached XP level 2. HP: 24/28 MP: 2/2
   832 | D:2      | Reached XP level 3. HP: 34/34 MP: 3/3
   850 | D:2      | Reached skill level 1 in Dodging
  1440 | D:2      | Noticed Sigmund
  1473 | D:2      | Killed Sigmund
  1474 | D:2      | Reached XP level 4. HP: 18/44 MP: 4/4
  1474 | D:2      | Reached XP level 5. HP: 21/50 MP: 5/5
  1779 | D:2      | Reached XP level 6. HP: 35/57 MP: 6/6
  2429 | D:4      | Found a runed translucent door.
  2430 | D:4      | Noticed a yak
  2430 | D:4      | Noticed zurenarrh's ghost (amateur HOFi)
  2536 | D:4      | Found a radiant altar of Vehumet.
  2561 | D:4      | Identified the +8 dagger of the Dove {vamp, Str+4}
  2621 | D:4      | Found a glowing golden altar of the Shining One.
  2694 | D:4      | Reached XP level 7. HP: 54/64 MP: 7/7
  2767 | D:4      | Noticed Pikel
  2786 | D:4      | HP: 2/64 [Pikel/+1 whip of freezing (5)]
  2788 | D:4      | Killed Pikel
  2789 | D:4      | Reached XP level 8. HP: 29/73 MP: 8/8
  2928 | D:4      | Found a basalt altar of Yredelemnul.
  3020 | D:4      | Reached skill level 5 in Armour
  3181 | D:4      | Identified a scroll of acquirement
  3185 | D:4      | Acquired a +2 barding of flying
  3280 | D:5      | Entered Level 5 of the Dungeon
  3451 | D:5      | Found a shadowy altar of Dithmenos.
  3646 | D:5      | Found a sparkling altar of Nemelex Xobeh.
  3679 | D:5      | Reached skill level 5 in Fighting
  4188 | D:5      | Found a hide-covered altar of Uskayaw.
  4202 | D:5      | Reached skill level 5 in Dodging
  4529 | D:6      | Reached XP level 9. HP: 72/81 MP: 9/9
  4536 | D:6      | Found an opulent altar of Gozag.
  4665 | D:6      | Found a sand-covered staircase.
  4681 | Ossuary  | Entered an ossuary
  5139 | D:6      | Reached skill level 5 in Axes
  5163 | D:6      | Found an iron altar of Okawaru.
  5183 | D:6      | Became a worshipper of Warmaster Okawaru
  5635 | D:6      | Reached * piety under Okawaru
  6226 | D:7      | Found a shimmering altar of Xom.
  6234 | D:7      | Found a staircase to the Ecumenical Temple.
  6324 | D:7      | Found a runed translucent door.
  6444 | D:7      | Found a hazy altar of Hepliaklqana.
  6971 | D:8      | Reached XP level 10. HP: 90/92 MP: 10/10
  7001 | D:8      | Noticed a boulder beetle
  7044 | D:8      | Killed a boulder beetle
  7413 | D:8      | Reached ** piety under Okawaru
  8131 | D:9      | Noticed a two-headed ogre
  8611 | D:9      | Killed a two-headed ogre
  8734 | D:9      | Reached XP level 11. HP: 51/100 MP: 11/11
  8911 | D:9      | Reached *** piety under Okawaru
  8990 | D:9      | Found a staircase to the Orcish Mines.
  9643 | D:9      | Found a shimmering blue altar of Sif Muna.
  9804 | D:10     | Entered Level 10 of the Dungeon
  9829 | D:10     | Found a burning altar of Makhleb.
  9955 | D:10     | Reached **** piety under Okawaru
 10183 | D:10     | Found a staircase to the Lair.
 10406 | D:10     | Found an ancient bone altar of Kikubaaqudgha.
 10840 | D:10     | Noticed a cyclops
 10870 | D:10     | Killed a cyclops
 10979 | D:10     | Reached ***** piety under Okawaru
 11058 | D:10     | Found a blossoming altar of Fedhas.
 11160 | Lair:1   | Entered Level 1 of the Lair of Beasts
 11189 | Lair:1   | Reached XP level 12. HP: 77/112 MP: 12/12
 12381 | Lair:2   | Noticed Nergalle
 12535 | Lair:2   | Noticed Ifehamp's ghost (journeyman TrFi)
 12536 | Lair:2   | Found a runed translucent door.
 12536 | Lair:2   | Identified the +5 spear of Equilibrium {heavy, Contam rPois
                  | Str+2 Int+3}
 12890 | Lair:2   | Reached skill level 5 in Shields
 13008 | Lair:2   | Noticed Amaemon
 13023 | Lair:2   | Killed Amaemon
 13024 | Lair:2   | Reached skill level 10 in Dodging
 13037 | Lair:2   | Received a gift from Okawaru
 13251 | Lair:2   | Killed Nergalle
 13766 | Lair:2   | Reached skill level 1 in Invocations
 13805 | Lair:2   | Received a gift from Okawaru
 14368 | Lair:3   | Noticed a six-headed hydra
 14382 | Lair:3   | Killed a six-headed hydra
 14383 | Lair:3   | Gained mutation: You can use your snake-like lower body to
                  | constrict enemies. [Naga growth]
 14383 | Lair:3   | Reached XP level 13. HP: 93/121 MP: 7/14
 14496 | Lair:3   | Reached skill level 10 in Armour
 14681 | Lair:3   | Found a hole to the Spider Nest.
 14730 | Lair:3   | Identified the +3 buckler "Nioj" {Fly} (Okawaru gifted it
                  | to you on level 3 of the Lair of Beasts)
 14730 | Lair:3   | Received a gift from Okawaru
 15204 | Lair:3   | Found a staircase to the Swamp.
 16070 | Lair:4   | Found a staircase to the Slime Pits.
 16853 | Lair:5   | Entered Level 5 of the Lair of Beasts
 17407 | Lair:5   | Reached skill level 10 in Fighting
 17481 | Lair:5   | Found a runed translucent gate.
 17481 | Lair:5   | Found a runed translucent gate.
 17481 | Lair:5   | Found a runed translucent gate.
 17487 | Lair:5   | Noticed funkygono's ghost (journeyman MiFi)
 18302 | Lair:5   | Reached skill level 5 in Invocations
 18308 | Lair:5   | Reached skill level 10 in Axes
 18419 | Lair:5   | Received a gift from Okawaru
 18621 | Lair:5   | Reached XP level 14. HP: 132/132 MP: 17/17
 18974 | Lair:5   | Identified the +3 cloak of the Thirteen Curses {+Inv Will+
                  | Dex+2}
 19164 | Lair:5   | Killed funkygono's ghost
 19303 | Lair:2   | Killed Ifehamp's ghost
 19466 | Orc:1    | Entered Level 1 of the Orcish Mines
 19556 | Orc:2    | Entered Level 2 of the Orcish Mines
 20578 | Orc:1    | Noticed an orc warlord
 20602 | Orc:1    | Killed an orc warlord
 21381 | Orc:2    | Found a staircase to the Elven Halls.
 21626 | Orc:2    | Found Rukar's Armour Shoppe.
 21626 | Orc:2    | Found Fuledgh's General Store.
 21628 | Orc:2    | Found Zuma's Distillery.
 21628 | Orc:2    | Found Jais's Distillery.
 21649 | Orc:2    | Bought the +1 pair of gloves of Ru's Esteem {Contam Int+5
                  | Dex+2} for 384 gold pieces
 21651 | Orc:2    | Bought a potion of haste for 130 gold pieces
 21651 | Orc:2    | Bought a potion of mutation for 104 gold pieces
 21651 | Orc:2    | Bought a potion of heal wounds for 65 gold pieces
 21651 | Orc:2    | Bought a potion of haste for 130 gold pieces
 21651 | Orc:2    | Bought a potion of heal wounds for 65 gold pieces
 21651 | Orc:2    | Bought a potion of might for 52 gold pieces
 21654 | Orc:2    | Bought a wand of paralysis (5) for 192 gold pieces
 22253 | Swamp:1  | Entered Level 1 of the Swamp
 22624 | Lair:3   | Reached ****** piety under Okawaru
 22842 | Lair:3   | Received a gift from Okawaru
 23119 | Elf:1    | Entered Level 1 of the Elven Halls
 23193 | Orc:2    | Bought a potion of curing for 48 gold pieces
 23193 | Orc:2    | Bought a +1 ring mail of fire resistance for 256 gold
                  | pieces
 23464 | Elf:1    | Reached XP level 15. HP: 70/142 MP: 20/20
 23772 | Elf:1    | Noticed a sphinx
 23779 | Elf:1    | Killed a sphinx
 23784 | Elf:1    | Noticed a sphinx
 23800 | Elf:1    | Killed a sphinx
 23821 | Elf:1    | Noticed a sphinx
 23823 | Elf:1    | Identified the +1 glaive of Demonkind {flame, Int+3}
                  | (Okawaru gifted it to you on level 1 of the Elven Halls)
 23823 | Elf:1    | Received a gift from Okawaru
 23833 | Elf:1    | Killed a sphinx
 24249 | Elf:1    | Found Voczi's Assorted Antiques.
 24249 | Elf:1    | You are sucked into a shaft and drop 1 floor!
 24261 | Elf:2    | HP: 3/144 [+0 scimitar of holy wrath (15)]
 24300 | Elf:2    | Mangled by a +1 glaive of flaming

Illustrated notes

Levels and vault maps discovered:
D:1:      dpeg_arrival_rooms_with_view, layout_rooms, serial_glass,
          glass_columns_b, glass_columns_b, skrybe_limestone_x,
          minmay_heptomino_h4
D:2:      minmay_door_path, layout_basic, uniq_sigmund
D:3:      layout_rooms
D:4:      layout_basic, mainiacjoe_overflow_cross_hatched,
          mainiacjoe_overflow_concentric_impassable,
          nicolae_tso_carved_into_rock, ebering_ghost_inner_flame, uniq_pikel
D:5:      layout_basic, lemuel_tele_altar, mainiacjoe_overflow_six_doors_small,
          amcnicky_altar_gilded
D:6:      layout_basic, nicolae_gozag_seed_capital, okawaru_altar_gauntlet_db,
          nicolae_ossuary_entry_ruins
D:7:      layout_rooms, marbit_many_paths, xom_teletrap_fun,
          minmay_temple_entry_wispy, lightli_church_of_beogh
D:8:      layout_cave_pools
D:9:      layout_loops_ring, kennysheep_orc_sif_temple, zombieorc2_lemuel
D:10:     layout_irregular_city, grunt_temple_overflow_growth_and_decay,
          lightli_temple_of_fire, due_lair_maze_entry_diamond,
          kennysheep_opposing_triangles
Lair:1:   layout_regular_city
Lair:2:   layout_regular_city, ebering_ghost_funeral_grove, grunt_megastairs_3,
          lemuel_fruit_tree, lemuel_fruit_fields, infiniplex_staircase_pool_2,
          uniq_nergalle, uniq_amaemon
Lair:3:   layout_small_grid, nicolae_swamp_entry_splash_gauntlet,
          spider_nest_entry_webs, dreamdust_mushroom_princess,
          nicolae_lair_run_with_the_wolves
Lair:4:   layout_cave_pods, minmay_slime_entry_oklob_open, serial_bayou_shore_b
Lair:5:   minmay_lair_end_enchanted_forest, layout_regular_city,
          gammafunk_ghost_necromancy, serial_bayou_shore_a
Swamp:1:  nicolae_swamp_wrong_neighborhood, layout_basic_swamp,
          serial_swamp_ruin, evilmike_swamp_ruin_house_3,
          evilmike_swamp_ruin_house_6
Orc:1:    layout_diamond_mine
Orc:2:    grunt_orc_tribal_feast, layout_diamond_mine
Elf:1:    eino_elf_arrival_shootout, layout_gridlike, serial_shops, shop,
          special_room [special_room_mythical_zoo], minivault_28
Elf:2:    elven_hall_of_blades_hangedman_alternative
          [nicolae_blade_entry_sentries_behind_glass], layout_geoelf_octagon,
          serial_shops, shop, gammafunk_ghost_grave,
          portal_ice_cave_entry_ugly_swarm

Skill      XL: |  1  2  3  4  5  6  7  8  9 10 11 12 13 14 15 |
---------------+----------------------------------------------+-----
Dodging        | 2 3 5 6 7 9 10 11 | 11.9
Armour         | 3 4 5 7 8 9 10 11 | 11.6
Shields        | 3 4 5 7 8 |  8.0
Axes           | 3 4 5 6 7 9 10 11 | 11.6
Fighting       | 4 5 6 7 8 9 10 11 | 11.7
Invocations    | 2 5 7 8 |  8.3

Action                     |  1- 3 |  4- 6 |  7- 9 | 10-12 | 13-15 || total
---------------------------+-------+-------+-------+-------+-------++-------
  Melee: War axe           |   113 |    92 |   462 |   722 |   861 ||  2250
         Morningstar       |       |       |       |     5 |    12 ||    17
         Constrict         |       |       |       |       |   173 ||   173
  Throw: Boomerang         |       |       |       |    15 |     9 ||    24
 Invoke: Heroism           |       |       |     1 |     8 |     9 ||    18
         Finesse           |       |       |       |     2 |     4 ||     6
Ability: Spit Poison       |     5 |       |    15 |    10 |     7 ||    37
  Evoke: Wand              |       |       |     2 |    11 |     3 ||    16
         Piece from Xom's  |       |       |       |       |     1 ||     1
    Use: Scroll            |     5 |     4 |    13 |    12 |    14 ||    48
         Potion            |     1 |       |     3 |     1 |     9 ||    14
   Stab: Confused          |       |       |     1 |       |       ||     1
         Paralysed         |       |       |       |    25 |       ||    25
 Armour: Scale mail        |    59 |    52 |   288 |   148 |       ||   547
         Skin              |     5 |       |       |       |       ||     5
         Steam dragon scal |       |       |       |   233 |   299 ||   532
         Ring mail         |       |       |       |       |    96 ||    96
  Dodge: Dodged            |    35 |    32 |   183 |   345 |   471 ||  1066
  Block: Buckler           |    18 |    24 |    93 |   187 |   265 ||   587
         Kite shield       |       |       |       |       |   185 ||   185
         Reflection        |       |       |       |       |     3 ||     3

Table legend: (Time is in decaauts)
 A = Elapsed time spent in this place.
 B = Non-inter-level travel time spent in this place.
 C = Inter-level travel time spent in this place.
 D = Time resting spent in this place.
 E = Time spent auto-exploring this place.
 F = Levels seen in this place.
 G = Mean time per level.
                   A        B        C        D        E       F      G
               +--------+--------+--------+--------+--------+-----+--------+
         Total |  29697 |  27212 |   2485 |   7367 |  11621 |  21 | 1414.1 |
       Dungeon |  13953 |  12727 |   1226 |   2304 |   6857 |  10 | 1395.3 |
          Lair |  10881 |  10131 |    750 |   3272 |   3802 |   5 | 2176.2 |
         Swamp |     99 |     99 |      0 |     39 |      0 |   1 |   99.0 |
  Orcish Mines |   3671 |   3164 |    507 |   1271 |    834 |   2 | 1835.5 |
   Elven Halls |    760 |    760 |      0 |    345 |    127 |   2 |  380.0 |
       Ossuary |    331 |    331 |      0 |    135 |      0 |   1 |  331.0 |
               +--------+--------+--------+--------+--------+-----+--------+

Top non-repeatable levels by time:
  Lair:3: 2801 daAuts
  Lair:5: 2722 daAuts
   Orc:2: 2660 daAuts
  Lair:2: 2030 daAuts
     D:9: 1911 daAuts
  Lair:1: 1728 daAuts
    D:10: 1725 daAuts
     D:2: 1624 daAuts
  Lair:4: 1598 daAuts
     D:8: 1556 daAuts
     D:6: 1520 daAuts
     D:5: 1436 daAuts
     D:7: 1364 daAuts
     D:4: 1305 daAuts
   Orc:1: 1011 daAuts
